 Dungeon Crawl Stone Soup version bcrawl-1.27.1d (webtiles) character file.

Game seed: 12343494666501473158

164551 Freyura the Grave Robber (level 5, -1/37 HPs)
             Began as a Mummy Necromancer on July 17, 2020.
             Slain by a black bear (2 damage)
             ... on level 4 of the Dungeon.
             The game lasted 00:08:02 (2406 turns).

Freyura the Grave Robber (Mummy Necromancer)        Turns: 2406, Time: 00:08:03

Health: -1/37      AC:  3    Str: 11    XL:     5   Next: 45%
Magic:  7/10       EV: 12    Int: 15    God:
Gold:   160        SH:  0    Dex: 13    Spells: 2/11 levels left

rFire    x . .     SeeInvis .   d - +3 dagger (drain)
rCold    + . .     Gourm    .   (no shield)
rNeg     + + +     Faith    .   b - +0 robe
rPois    ∞         Spirit   .   (no helmet)
rElec    .         Reflect  .   (no cloak)
rCorr    .         Harm     .   g - +0 pair of gloves (curse)
MR       .....     Clarity  +   (no boots)
Stlth    +++.......             (no amulet)
HPRegen  0.12/turn              (no ring)
MPRegen  0.12/turn              (no ring)

@: no status effects
A: no food or potions, fire vulnerability, clarity, cold resistance 1, negative
energy resistance 3, torment resistance, unbreathing
a: no special abilities


You were on level 4 of the Dungeon.
You were not hungry.

You visited 1 branch of the dungeon, and saw 4 of its levels.

You collected 160 gold pieces.

Inventory:

Hand Weapons
 a - a +1 dagger
 d - a +3 dagger of draining (weapon)
Armour
 b - a +0 robe (worn)
 g - a cursed +0 pair of gloves (worn)
Scrolls
 c - 2 scrolls of fear
 e - a scroll of remove curse
 f - 3 scrolls of teleportation
 h - a scroll of blinking {unknown}


   Skills:
 + Level 1.3 Fighting
 - Level 1.5 Dodging
 * Level 4.1 Stealth
 + Level 3.8 Spellcasting
 + Level 5.2 Necromancy


You had 2 spell levels left.
You knew the following spells:

 Your Spells              Type           Power        Failure   Level  Hunger
a - Animate Skeleton      Necr           N/A          2%          1    N/A
b - Pain                  Necr           ###...       2%          1    N/A
c - Vampiric Draining     Necr           ###.......   7%          3    N/A
d - Animate Dead          Necr           N/A          22%         4    N/A

Your spell library contained the following spells:

 Spells                   Type           Power        Failure   Level  Hunger
 Bolt of Draining         Conj/Necr      ##........   87%         5    N/A
 Regeneration             Chrm/Necr      Unusable     N/A         3    N/A

Dungeon Overview and Level Annotations

Branches:
Dungeon (4/12)
 Temple: D:4-7

Altars:
Cheibriados
Lugonu
Nemelex Xobeh
Uskayaw


Innate Abilities, Weirdness & Mutations

You do not eat or drink.
Your flesh is vulnerable to fire.
You are immune to poison.
You possess an exceptional clarity of mind.
Your flesh is cold resistant. (rC+)
You are immune to negative energy. (rN+++)
You are immune to unholy pain and torment.
You can survive without breathing.


Message History

Press: ? - help, Shift-Dir - straight line, f/p - black bear
Aim: a black bear (lightly wounded, chance to defeat MR: 78%)
The black bear barely resists.
The black bear bites you. The black bear claws you. x2
* * * LOW HITPOINT WARNING * * *
You hit the black bear but do no damage.
You drain the black bear.
The black bear is lightly wounded.
The black bear barely misses you.
The black bear claws you but does no damage.
The black bear claws you.
* * * LOW HITPOINT WARNING * * *
The leopard gecko bites you.
* * * LOW HITPOINT WARNING * * *
The black bear bites you.
* * * LOW HITPOINT WARNING * * *
The black bear claws you.
* * * LOW HITPOINT WARNING * * *
The black bear claws you.
You die...

.# .. ... ...
.####.. ..
.... ......
...
#..##....#....
#........#....
##............
#.............
##@......#
#lh..###.#
#..........#
#..##.......#
..
...#........
.........###.
.........#...
..........#..#
....<.#.......


You could see a black bear and a leopard gecko.

Vanquished Creatures
  A crimson imp (D:3)
  A worker ant (D:3)
  6 adders
  2 worms
  3 leopard geckos
  5 orcs
  A ball python (D:2)
  3 giant cockroaches
  7 hobgoblins
  6 jackals
  8 kobolds
  8 bats
  3 frilled lizards
  5 goblins
  10 rats
69 creatures vanquished.

Notes
Turn   | Place    | Note
-------+----------+-------------------------------------------
     0 | D:1      | Freyura the Mummy Necromancer began the quest for the Orb.
     0 | D:1      | Reached XP level 1. HP: 13/13 MP: 4/4
   251 | D:1      | Reached XP level 2. HP: 19/19 MP: 0/5
   633 | D:1      | Found a snail-covered altar of Cheibriados.
   750 | D:2      | Found a hide-covered altar of Uskayaw.
   751 | D:2      | Found a snail-covered altar of Cheibriados.
   821 | D:2      | Reached XP level 3. HP: 24/24 MP: 7/7
   826 | D:2      | Learned a level 3 spell: Vampiric Draining
  1193 | D:2      | Found a sparkling altar of Nemelex Xobeh.
  1344 | D:2      | Found a corrupted altar of Lugonu.
  1629 | D:3      | Reached XP level 4. HP: 30/30 MP: 8/8
  1635 | D:3      | Reached skill level 5 in Necromancy
  1641 | D:3      | Learned a level 4 spell: Animate Dead
  1876 | D:3      | Reached skill level 1 in Fighting
  1876 | D:3      | Reached XP level 5. HP: 37/37 MP: 10/10
  2398 | D:4      | Noticed a black bear
  2406 | D:4      | HP: 1/37 [black bear (1)]
  2406 | D:4      | Slain by a black bear

Skill      XL: |  1  2  3  4  5 |
---------------+----------------+-----
Spellcasting   | 3 |  3.8
Stealth        | 3 4 |  4.1
Necromancy     | 5 |  5.2
Fighting       | 1 |  1.3
Dodging        | |  1.5

Action                   |  1- 3 |  4- 6 || total
-------------------------+-------+-------++-------
Melee: Dagger            |   101 |    60 ||   161
 Cast: Pain              |     8 |    10 ||    18
  Use: Scroll            |     2 |     1 ||     3
 Stab: Sleeping          |     7 |     2 ||     9
Armor: Robe              |    14 |    14 ||    28
Dodge: Dodged            |    66 |    38 ||   104
